 Dungeon Crawl Stone Soup version 0.31-a0-836-g3ceb0a68c4 (webtiles) character file.

Game seed: 10212681023209086004

39 LeprechaunX the Changeling (level 3, 0/24 HPs)
             Began as an Octopode Shapeshifter on Sept 26, 2023.
             Slain by an endoplasm (2 damage)
             ... on level 1 of the Dungeon.
             The game lasted 00:01:32 (976 turns).

LeprechaunX the Changeling (Octopode Shapeshifter)   Turns: 976, Time: 00:01:32

Health: 0/24       AC:  1    Str: 15    XL:     3   Next: 45%
Magic:  3/3        EV: 13    Int: 12    God:
Gold:   96         SH:  0    Dex: 11    Spells: 2/2 levels left

rFire   . . .        e - +3 dagger
rCold   . . .        (no shield)
rNeg    . . .        (helmet currently unavailable)
rPois   .            (no amulet)
rElec   .            (no ring)
rCorr   .            (no ring)
SInv    .            (no ring)
Will    .....        (no ring)
Stlth   ++           (no ring)
HPRegen 0.24/turn    (no ring)
MPRegen 0.08/turn    (no ring)
                     (no ring)

%: no passive effects
@: beast-form
A: beast (slay +2), almost no armour, amphibious, 8 rings, camouflage 1,
gelatinous body 1, (nimble swimmer 1), tentacles
a: Begin Untransformation


You were on level 1 of the Dungeon.
You were a hulking beast.
You visited 1 branch of the dungeon, and saw 2 of its levels.

You collected 96 gold pieces.

Inventory:

Hand Weapons
 e - a +3 dagger (weapon)
Talismans
 b - a beast talisman (active)
 c - a flux talisman
Scrolls
 d - a scroll of revelation {unknown}
 g - a scroll of identify {unknown}
Potions
 a - 3 potions of lignification
 f - a potion of curing {unknown}


   Skills:
 + Level 1.6 Fighting
 + Level 2.3 Dodging
 + Level 3.3 Unarmed Combat
 * Level 3.5 Shapeshifting


You had 2 spell levels left.
You didn't know any spells.
Your spell library contained the following spells:

 Spells                   Type           Power      Damage    Failure   Level
 Necrotise                Necr           0%         1d4       32%         1
 Vampiric Draining        Necr           0%         2d6       69%         3
 Agony                    Necr           0%         N/A       100%        5


Dungeon Overview and Level Annotations

Branches:
Dungeon (2/15)

Altars:

Annotations:
D:2 Robin


Innate Abilities, Weirdness & Mutations

You are a hulking beast.
Your limbs bulge with bestial killing power. (Slay +2)
You cannot wear most types of armour.
You are amphibious.
You can wear up to eight rings at the same time.
Your skin changes colour to match your surroundings (Stealth+).
Your rubbery body absorbs attacks. (AC +1, EV +1)
((You are camouflaged when in or above water. (Stealth+)))
You have tentacles for arms and can constrict up to eight enemies at once.


Message History

You hit the goblin. Your grab misses the goblin.
The goblin is heavily wounded.
The goblin hits you with a +0 club.
There are monsters nearby!
Unknown command.
You barely miss the hobgoblin. Your grab misses the hobgoblin.
The goblin hits you with a +0 club.
* * * LOW HITPOINT WARNING * * *
The hobgoblin misses you.
Unknown command.
You closely miss the hobgoblin. Your grab misses the hobgoblin.
The goblin hits you but does no damage. The hobgoblin closely misses you.
You hit the hobgoblin. You grab the hobgoblin.
The hobgoblin is severely wounded.
You constrict the hobgoblin. The goblin hits you with a +0 club.
* * * LOW HITPOINT WARNING * * *
The hobgoblin barely misses you.
Unknown command.
You puncture the goblin!
You kill the goblin!
You constrict the hobgoblin.
You kill the hobgoblin!
Unknown command.
The endoplasm attacks as it pursues you!
The endoplasm hits you but does no damage.
The endoplasm attacks as it pursues you!
The endoplasm barely misses you.
The endoplasm attacks as it pursues you!
The endoplasm barely misses you.
The endoplasm attacks as it pursues you!
The endoplasm barely misses you.
You barely miss the endoplasm. The endoplasm freezes you.
You are frozen.
* * * LOW HITPOINT WARNING * * *
The endoplasm attacks as it pursues you!
The endoplasm misses you.
The endoplasm attacks as it pursues you!
The endoplasm hits you.
You die...

####................##.# #.#
..##.#######.....#####.#######.#
#.##.#### ##...## #.........#
........######.#### #..########
.....##>..........## #..# ####
#)############..#..# #..######...
#.###### #.##..# #...........
.......# ###...# #...#####.##
###############.h..# #...#####.#
##...###...####.J### #.........#
#....###....###..# ##รท.########
#....###....###..######..........
..#...#...#..##..#.).##.#.#######
..##.....##..#..####.##.#.# #
..###...###....## #.##.#.# #
..###...###...## #.##.#.# #
#####..[######## #.##.#.#######


You could see an endoplasm.

Vanquished Creatures
  A dart slug (D:1)
  3 endoplasms (D:1)
  7 goblins
  8 hobgoblins
  2 kobolds (D:1)
  A quokka (D:1)
  2 ball pythons (D:1)
  4 bats (D:1)
  3 rats (D:1)
31 creatures vanquished.

Notes
Turn   | Place    | Note
-------+----------+-------------------------------------------
     0 | D:1      | LeprechaunX the Octopode Shapeshifter began the quest for
                  | the Orb.
     0 | D:1      | Reached XP level 1. HP: 13/13 MP: 1/1
   132 | D:1      | Reached XP level 2. HP: 12/18 MP: 2/2
   380 | D:1      | Reached XP level 3. HP: 19/23 MP: 3/3
   873 | D:2      | Noticed Robin
   950 | D:1      | HP: 1/23 [goblin/+0 club[Robin] (4)]
   970 | D:1      | HP: 1/24 [frozen (5)]
   976 | D:1      | Slain by an endoplasm

Illustrated notes

Levels and vault maps discovered:
D:1:      tarquinn_simple_flora_water_e, layout_loops_ring,
          hangedman_glass_teeth
D:2:      layout_basic, basic_altar, ebering_ecumenical_altar_sacrificial,
          uniq_robin, uniq_jessica

Action                     || total
---------------------------++-------
  Melee: Dagger            ||    51
         Constrict         ||    12
         Tentacles         ||     9
         Unarmed           ||     3
         Punch             ||     2
   Stab: Sleeping          ||     5
 Armour: Skin              ||    32
  Dodge: Dodged            ||    35

Table legend: (Time is in decaauts)
 A = Elapsed time spent in this place.
 B = Non-inter-level travel time spent in this place.
 C = Inter-level travel time spent in this place.
 D = Time resting spent in this place.
 E = Time spent auto-exploring this place.
 F = Levels seen in this place.
 G = Mean time per level.
                   A        B        C        D        E       F      G
               +--------+--------+--------+--------+--------+-----+--------+
         Total |    976 |    969 |      7 |     36 |    717 |   2 |  488.0 |
       Dungeon |    976 |    969 |      7 |     36 |    717 |   2 |  488.0 |
               +--------+--------+--------+--------+--------+-----+--------+

Top non-repeatable levels by time:
     D:1: 932 daAuts
     D:2: 44 daAuts
